 Dungeon Crawl Stone Soup version 0.21.1-1-g345015fe64 (webtiles) character file.

637 LevaFresel the Slasher (level 7, -2/55 HPs)
             Began as a Human Fighter on June 12, 2018.
             Slain by a water moccasin skeleton (3 damage)
             ... on level 5 of the Dungeon.
             The game lasted 00:15:23 (5330 turns).

LevaFresel the Slasher (Human Fighter)              Turns: 5330, Time: 00:15:25

Health: -2/55      AC: 12    Str: 18    XL:     7   Next: 80%
Magic:  7/7        EV:  6    Int:  8    God:
Gold:   359        SH:  9    Dex: 13    Spells: 6/6 levels left

rFire    + . .     SeeInvis .   w - +3 mace (holy)
rCold    . . .     Gourm    .   c - +0 shield
rNeg     . . .     Faith    .   s - +0 chain mail
rPois    .         Spirit   .   (no helmet)
rElec    .         Reflect  .   b - +1 cloak
rCorr    .         Harm     .   e - +0 pair of gloves
MR       .....                  (no boots)
Stlth    ..........             m - amulet of regeneration
HPRegen  0.58/turn              q - ring of protection from fire
MPRegen  0.10/turn              (no ring)

@: fainting
A: no striking features
a: no special abilities


You were on level 5 of the Dungeon.
You were fainting.

You visited 1 branch of the dungeon, and saw 6 of its levels.

You collected 359 gold pieces.

Inventory:

Hand Weapons
 a - a +0 long sword
 w - a +3 mace of holy wrath (weapon)
Missiles
 r - 52 poisoned needles
Armour
 b - a +1 cloak (worn)
 c - a +0 shield (worn)
 e - a +0 pair of gloves (worn)
 s - a +0 chain mail (worn)
Jewellery
 m - an amulet of regeneration (around neck)
 q - a ring of protection from fire (left hand)
Scrolls
 h - 4 scrolls of teleportation {unknown}
 k - 3 scrolls of identify
 o - 2 scrolls of remove curse {unknown}
 t - 2 scrolls of noise {unknown}
Potions
 d - 3 potions of might
 g - 2 potions of agility
 i - a potion of haste {unknown}
 j - 4 potions of heal wounds {unknown}
 l - 2 potions of brilliance {unknown}
 n - a potion of lignification {unknown}
 p - 3 potions of curing {unknown}
 u - a potion of mutation {unknown}
Comestibles
 f - 9 rations


   Skills:
 + Level 4.3 Fighting
 * Level 5.0 Long Blades
 + Level 4.2 Armour
 + Level 2.9 Dodging
 + Level 4.3 Shields


You had 6 spell levels left.
You didn't know any spells.

Dungeon Overview and Level Annotations

Branches:
Dungeon (6/15)
 Temple: D:4-7

Altars:
Ashenzari
Elyvilon
Qazlal
Yredelemnul
Zin

Annotations:
D:4 Rosaphim's ghost, amateur DsGl


Message History

The water moccasin skeleton barely misses you.
You block the hungry ghost's attack.
The water moccasin skeleton bites you but does no damage.
Your shield prevents you from hitting the water moccasin skeleton.
The water moccasin skeleton is severely damaged.
You block the water moccasin skeleton's attack.
The hungry ghost hits you.
* * * LOW HITPOINT WARNING * * *
You are fainting from starvation!
The water moccasin skeleton bites you but does no damage.
The hungry ghost hits you.
* * * LOW HITPOINT WARNING * * *
You feel slightly more hungry.
You barely miss the water moccasin skeleton.
The water moccasin skeleton is severely damaged.
The water moccasin skeleton bites you.
* * * LOW HITPOINT WARNING * * *
The hungry ghost hits you.
You feel slightly more hungry. The water moccasin skeleton bites you.
You die...

.# ############### ...#
#.............. ....#
#...........)..
$.$..#####..............
........................
#......................
#...$.................
#...W.................
#....@Z.#########.....
#.......# #.....
#.......# #.....
+.......# #.....
#.......# ######
#.......# ##+######
############


You could see a hungry ghost and a water moccasin skeleton.

Vanquished Creatures
  Menkaure (D:5)
  A phantom (D:3)
  2 orc priests (D:5)
  A hound (D:5)
  Crazy Yiuf (D:5)
  2 orc wizards (D:4)
  3 worker ants
  9 adders
  A shadow imp (D:5)
  5 worms
  4 dart slugs
  3 leopard geckos
  9 orcs
  3 bats
  3 giant cockroaches
  4 goblins
  9 hobgoblins
  6 jackals
  8 kobolds
  4 quokkas
  A ball python (D:1)
  A leopard gecko skeleton (D:4)
  6 rats
87 creatures vanquished.

Notes
Turn   | Place    | Note
-------+----------+-------------------------------------------
     0 | D:1      | LevaFresel the Human Fighter began the quest for the Orb.
     0 | D:1      | Reached XP level 1. HP: 18/18 MP: 1/1
    85 | D:1      | Reached XP level 2. HP: 16/24 MP: 2/2
   353 | D:2      | Found a basalt altar of Yredelemnul.
   430 | D:1      | Reached XP level 3. HP: 29/29 MP: 3/3
   885 | D:2      | Found a glowing silver altar of Zin.
   886 | D:2      | Noticed an angel
   922 | D:2      | Reached skill level 1 in Dodging
  1122 | D:2      | Reached XP level 4. HP: 18/35 MP: 4/4
  1564 | D:2      | Reached skill level 3 in Long Blades
  2127 | D:3      | Reached XP level 5. HP: 24/41 MP: 5/5
  3019 | D:4      | Noticed a phantom
  3097 | D:3      | Killed a phantom
  3097 | D:3      | Reached skill level 4 in Long Blades
  3097 | D:3      | Reached XP level 6. HP: 8/48 MP: 6/6
  3497 | D:5      | Entered Level 5 of the Dungeon
  3674 | D:4      | Noticed Rosaphim's ghost (amateur DsGl)
  3699 | D:4      | Found a shattered altar of Ashenzari.
  4374 | D:5      | Reached XP level 7. HP: 16/54 MP: 7/7
  4675 | D:5      | Found a stormy altar of Qazlal.
  4973 | D:5      | Found a white marble altar of Elyvilon.
  5026 | D:5      | Found a runed door.
  5033 | D:5      | Noticed Crazy Yiuf
  5039 | D:5      | Killed Crazy Yiuf
  5314 | D:5      | Noticed Menkaure
  5314 | D:5      | Noticed a hungry ghost
  5323 | D:5      | Killed Menkaure
  5323 | D:5      | Reached skill level 5 in Long Blades
  5330 | D:5      | HP: 1/55 [water moccasin skeleton (5)]
  5330 | D:5      | Slain by a water moccasin skeleton

Skill      XL: |  1  2  3  4  5  6  7 |
---------------+----------------------+-----
Dodging        | 1 2 |  2.9
Long Blades    | 3 4 5 |  5.0
Fighting       | 4 |  4.3
Shields        | 4 |  4.3
Armour         | 4 |  4.2

Action                   |  1- 3 |  4- 6 |  7- 9 || total
-------------------------+-------+-------+-------++-------
Melee: Long sword        |   101 |   223 |    66 ||   390
       Mace              |       |       |    12 ||    12
  Use: Scroll            |       |       |     2 ||     2
  Eat: Chunk             |       |     3 |       ||     3
       Ration            |       |     3 |     1 ||     4
Armor: Scale mail        |    48 |    27 |       ||    75
       Chain mail        |       |    82 |    46 ||   128
Dodge: Dodged            |    32 |    64 |    25 ||   121
Block: Shield            |    62 |   110 |    52 ||   224
       Rpst.: Long sword |    12 |    18 |     4 ||    34
